 Dungeon Crawl Stone Soup version 0.30-a0-1124-g6e8f0f562f (webtiles) character file.

Game seed: 442556380645827493

347 voltaire321 the Magician (level 6, -1/35 HPs)
             Began as a Deep Elf Hedge Wizard on Apr 24, 2023.
             Slain by a water moccasin (3 damage)
             ... on level 5 of the Dungeon.
             The game lasted 00:11:57 (3994 turns).

voltaire321 the Magician (Deep Elf Hedge Wizard)    Turns: 3994, Time: 00:11:57

Health: -1/35      AC:  3    Str:  7    XL:     6   Next: 33%
Magic:  8/16       EV: 13    Int: 21    God:
Gold:   226        SH:  0    Dex: 14    Spells: 10/15 levels left

rFire   . . .        a - +0 dagger
rCold   . . .        (no shield)
rNeg    . . .        b - +0 robe
rPois   .            c - +0 hat
rElec   .            u - +0 cloak
rCorr   .            (no gloves)
SInv    .            (no boots)
Will    .....        (no amulet)
Stlth   ++           (no ring)
HPRegen 0.25/turn    (no ring)
MPRegen 0.15/turn

%: no passive effects
@: no status effects
A: no striking features
a: no special abilities


You were on level 5 of the Dungeon.
You visited 1 branch of the dungeon, and saw 5 of its levels.

You collected 226 gold pieces.

Inventory:

Hand Weapons
 a - a +0 dagger (weapon)
Armour
 b - a +0 robe (worn)
 c - a +0 hat (worn)
 u - a +0 cloak (worn)
Wands
 t - a wand of digging (3)
 v - a wand of charming (14)
Scrolls
 e - 3 scrolls of identify
 j - a scroll of brand weapon {unknown}
 k - a scroll of vulnerability {unknown}
 l - a scroll of torment {unknown}
 m - a scroll of blinking {unknown}
 o - a scroll of fog {unknown}
 p - 2 scrolls of teleportation {unknown}
 q - a scroll of fear {unknown}
 s - a scroll of enchant armour {unknown}
Potions
 d - a potion of magic
 f - 4 potions of curing
 g - 4 potions of mutation
 h - 3 potions of heal wounds
 i - a potion of lignification
 n - 3 potions of might
 r - 2 potions of haste


   Skills:
 + Level 1.6 Fighting
 + Level 1.6 Armour
 + Level 3.7 Dodging
 - Level 2.4 Stealth
 + Level 5.3 Spellcasting
 + Level 2.8 Conjurations
 + Level 2.8 Summonings
 + Level 2.9 Translocations


You had 10 spell levels left.
You knew the following spells:

 Your Spells              Type           Power      Damage    Failure   Level
a - Magic Dart            Conj           68%        1d6       3%          1
b - Call Imp              Summ           34%        N/A       4%          2
c - Blink                 Tloc           34%        N/A       4%          2

Your spell library contained the following spells:

 Spells                   Type           Power      Damage    Failure   Level
 Slow                     Hex            20%        N/A       11%         1
 Cigotuvi's Dreadful Rot  Necr/Pois/Air  10%        N/A       16%         2
 Mephitic Cloud           Conj/Pois/Air  9%         N/A       22%         3


Dungeon Overview and Level Annotations

Branches:
Dungeon (5/15)
 Temple: D:4-7

Altars:
Kikubaaqudgha
Zin

Shops:
D:2 [


Message History

Aim: a water moccasin (lightly wounded, ally target, 100% to hit)
The magic dart hits the water moccasin.
The water moccasin is moderately wounded.
The water moccasin bites you.
Your cerulean imp hits the water moccasin but does no damage.
Aiming: Magic Dart (safe; 3% risk of failure)
Press: ? - help, Q - select action, (/) - cycle Shift-Dir - straight line, f/p - water moccasin
Aim: a water moccasin (moderately wounded, ally target, 100% to hit)
The magic dart hits the water moccasin but does no damage.
The water moccasin is moderately wounded.
The water moccasin bites you.
* * * LOW HITPOINT WARNING * * *
The water moccasin barely misses you.
Your cerulean imp closely misses the water moccasin.
Casting: Magic Dart (safe; 3% risk of failure)
Confirm with . or Enter, or press ? or * to list all spells.
You blink.
The worm bites you.
* * * LOW HITPOINT WARNING * * *
Your cerulean imp closely misses the water moccasin.
Casting: Blink (safe; 4% risk of failure)
Confirm with . or Enter, or press ? or * to list all spells.
You are still too unstable to blink.
The water moccasin bites your cerulean imp!
Your cerulean imp hits the water moccasin with a -3 spear.
The water moccasin barely misses your cerulean imp.
The water moccasin bites your cerulean imp!
Your cerulean imp dies!
Your cerulean imp disappears in a puff of smoke!
You feel stable enough to blink again.
You see here a +0 cloak.
Casting: Blink (safe; 4% risk of failure)
Confirm with . or Enter, or press ? or * to list all spells.
A tiny devil pulls itself out of the air.
The water moccasin bites you but does no damage.
The water moccasin attacks as you move away!
The water moccasin bites you!
* * * LOW HITPOINT WARNING * * *
Your cerulean imp completely misses the water moccasin.
The water moccasin bites you.
You die...

#... #.#..#.##.##### #.#
##...##....#.##.....## #.#
..._.......#.######(.###.###.#
.#.
#...##......[................
...
.....#...##.########.##.###.#
#...#.#.....##.# .........<#
#..##.##....##5# .###.##.###
###.......#..##.####.# #.##.#
#.........#.[..S@....# #.##.#
#......Sw.##.##.###### #....#
#.........#.....# #....#
#.........#..#### ..>.
######.##.#..# ..## ##[##.#..#
#........# #####.##.#
#...........


You could see a water moccasin (ally target) and a friendly cerulean imp
(summoned).

Vanquished Creatures
  An ogre (D:4)
  Natasha (D:4)
  An adder (D:2)
  5 orcs
  6 bats
  5 endoplasms
  3 giant cockroaches
  3 goblins
  3 hobgoblins (D:1)
  5 jackals
  4 kobolds
  3 quokkas
  7 ball pythons
  3 frilled lizards
  2 rats
52 creatures vanquished.

Vanquished Creatures (collateral kills)
  An ogre (D:4)
  Natasha (twice) (D:4)
  2 adders
  2 dart slugs (D:2)
  An orc (D:4)
  A giant cockroach (D:4)
  2 jackals (D:2)
  A kobold (D:3)
12 creatures vanquished.

Grand Total: 64 creatures vanquished

Notes
Turn   | Place    | Note
-------+----------+-------------------------------------------
     0 | D:1      | voltaire321 the Deep Elf Hedge Wizard began the quest for
                  | the Orb.
     0 | D:1      | Reached XP level 1. HP: 10/10 MP: 7/7
   269 | D:1      | Reached XP level 2. HP: 15/15 MP: 3/9
   272 | D:1      | Learned a level 2 spell: Call Imp
   275 | D:1      | Learned a level 2 spell: Blink
  1457 | D:2      | Reached XP level 3. HP: 20/20 MP: 6/11
  1977 | D:2      | Found Jotyfaso's Armour Shop.
  2423 | D:3      | Reached XP level 4. HP: 24/24 MP: 10/12
  3015 | D:4      | Noticed an ogre
  3076 | D:4      | Noticed an ogre
  3095 | D:4      | Killed an ogre
  3096 | D:4      | Reached skill level 1 in Fighting
  3096 | D:4      | Reached skill level 1 in Armour
  3096 | D:4      | Reached skill level 5 in Spellcasting
  3096 | D:4      | Reached XP level 5. HP: 29/29 MP: 1/14
  3292 | D:4      | Noticed Natasha
  3303 | D:4      | Killed Natasha
  3342 | D:4      | Noticed Natasha
  3347 | D:4      | Killed Natasha
  3412 | D:4      | Noticed Natasha
  3420 | D:4      | Killed Natasha
  3577 | D:4      | Killed an ogre
  3578 | D:4      | Reached XP level 6. HP: 35/35 MP: 5/16
  3742 | D:4      | Found an ancient bone altar of Kikubaaqudgha.
  3914 | D:5      | Entered Level 5 of the Dungeon
  3951 | D:5      | Found a glowing silver altar of Zin.
  3961 | D:5      | Noticed a water moccasin
  3994 | D:5      | Slain by a water moccasin

Illustrated notes

Levels and vault maps discovered:
D:1:      dpeg_arrival_fog, layout_rooms
D:2:      layout_loops_corners, serial_shops, nicolae_shop_tiny_statue_garden
D:3:      layout_loops_corners
D:4:      layout_cave_pools, lemuel_doored_altar, chequers_serial_rivers_room_a,
          minmay_misc_feat_nine_boxes, uniq_natasha
D:5:      layout_basic, mainiacjoe_overflow_small_starburst,
          portal_sewer_entry_b

Skill      XL: |  1  2  3  4 |
---------------+-------------+-----
Translocations | 2 |  2.9
Summonings     | 2 |  2.8
Dodging        | 3 |  3.7
Fighting       | 1 |  1.6
Armour         | 1 |  1.6
Spellcasting   | 5 |  5.3
Conjurations   | 2 |  2.8
Stealth        | |  2.4

Action                     |  1- 3 |  4- 6 || total
---------------------------+-------+-------++-------
  Melee: Dagger            |     6 |    13 ||    19
   Cast: Magic Dart        |    89 |    71 ||   160
         Call Imp          |     4 |     7 ||    11
         Blink             |       |     3 ||     3
    Use: Scroll            |       |     7 ||     7
   Stab: Sleeping          |     1 |       ||     1
 Armour: Robe              |     8 |     5 ||    13
  Dodge: Dodged            |    15 |    39 ||    54

Table legend: (Time is in decaauts)
 A = Elapsed time spent in this place.
 B = Non-inter-level travel time spent in this place.
 C = Inter-level travel time spent in this place.
 D = Time resting spent in this place.
 E = Time spent auto-exploring this place.
 F = Levels seen in this place.
 G = Mean time per level.
                   A        B        C        D        E       F      G
               +--------+--------+--------+--------+--------+-----+--------+
         Total |   4000 |   3903 |     97 |    321 |   2883 |   5 |  800.0 |
       Dungeon |   4000 |   3903 |     97 |    321 |   2883 |   5 |  800.0 |
               +--------+--------+--------+--------+--------+-----+--------+

Top non-repeatable levels by time:
     D:2: 1127 daAuts
     D:3: 1047 daAuts
     D:1: 928 daAuts
     D:4: 817 daAuts
     D:5: 79 daAuts
